 Dungeon Crawl Stone Soup version 0.20.1-1-g8b1a95d (webtiles) character file.

2219 OneorTwo the Conjurer (level 9, -2/48 HPs)
             Began as a Kobold Conjurer on July 26, 2017.
             Was an Initiate of Ru.
             Shot with an arrow by a centaur (9 damage)
             ... on level 6 of the Dungeon.
             The game lasted 00:56:23 (6449 turns).

OneorTwo the Conjurer (Kobold Conjurer)             Turns: 6449, Time: 00:56:23

Health: -2/48      AC:  5    Str:  5    XL:     9   Next: 61%
Magic:  26/29      EV: 17    Int: 18    God:    Ru [......]
Gold:   309        SH:  3    Dex: 15    Spells: 13/23 levels left

rFire    . . .     SeeInvis .   m - +3 dagger (venom)
rCold    . . .     Gourm    .   (shield restricted)
rNeg     + . .     Faith    .   r - +0 robe {rN+}
rPois    .         Spirit   .   u - +1 helmet
rElec    .         Reflect  +   B - +0 cloak
rCorr    .         Harm     .   (no gloves)
MR       .....                  (no boots)
Stlth    +++.......             d - +3 amulet of reflection
Regen    0.2/turn               l - ring of magical power
MPRegen  0.3/turn               q - ring of wizardry

@: no status effects
A: carnivore 3, dopey 1
a: Renounce Religion


You were on level 6 of the Dungeon.
You worshipped Ru.
Ru was noncommittal.
You were completely stuffed.

You visited 1 branch of the dungeon, and saw 6 of its levels.

You collected 309 gold pieces.

Inventory:

Hand Weapons
 a - a +4 quarterstaff of chaos
 i - a +2 antimagic dagger
 k - a +4 hunting sling of freezing
 m - a +3 dagger of venom (weapon)
 z - a +0 short sword of draining
Missiles
 g - 199 stones (quivered)
 h - 15 sling bullets
 y - 9 poisoned needles
 H - a throwing net
Armour
 j - the +4 ring mail of the Falcon {rF+ rC+}
   (You found it on level 4 of the Dungeon)

   It protects you from fire.
   It protects you from cold.
 r - a +0 robe of positive energy (worn)
 u - a +1 helmet (worn)
 B - a +0 cloak (worn)
Jewellery
 d - a +3 amulet of reflection (around neck)
 l - a ring of magical power (left hand)
 n - an uncursed ring of protection from magic
 q - a ring of wizardry (right hand)
 w - an uncursed amulet of guardian spirit
 F - an uncursed ring of flight
Wands
 L - a wand of paralysis (13/24)
Scrolls
 t - 4 scrolls of teleportation
 v - 2 scrolls of recharging
 A - 2 scrolls of enchant weapon
 I - a scroll of remove curse
 K - a scroll of immolation
Potions
 e - a potion of curing
 o - 2 potions of might
 p - 3 potions of lignification
 s - 2 potions of resistance
 x - 2 potions of magic {unknown}
 C - 2 potions of agility {unknown}
 D - 3 potions of mutation {unknown}
 E - 3 potions of degeneration {unknown}
 G - a potion of brilliance
Books
 b - a book of Conjurations

   Spells                             Type                      Level
   a - Magic Dart                     Conjuration                  1
   b - Searing Ray                    Conjuration                  2
   c - Dazzling Spray                 Conjuration/Hexes            3
   d - Fulminant Prism                Conjuration/Hexes            4
   e - Force Lance                    Conjuration/Translocation    4
   f - Iskenderun's Mystic Blast      Conjuration                  4
Comestibles
 c - 2 meat rations
 f - 6 royal jellies


   Skills:
 + Level 1.6 Fighting
 + Level 4.6 Short Blades
 - Level 0.2 Throwing
 + Level 2.2 Armour
 + Level 4.3 Dodging
 + Level 4.6 Stealth
 + Level 7.6 Spellcasting
 + Level 7.9 Conjurations
 + Level 1.1 Hexes
 + Level 0.4 Translocations


You had 13 spell levels left.
You knew the following spells:

 Your Spells              Type           Power        Failure   Level  Hunger
a - Magic Dart            Conj           ####         1%          1    None
b - Searing Ray           Conj           #####.       1%          2    None
c - Dazzling Spray        Conj/Hex       ###...       1%          3    #......
d - Force Lance           Conj/Tloc      ###.....     8%          4    ###....


Dungeon Overview and Level Annotations

Branches:
Dungeon (6/15)             Temple (0/1) D:4

Altars:
Ashenzari
Cheibriados
Dithmenos
Elyvilon
Fedhas
Gozag
Makhleb
Nemelex Xobeh
Okawaru
Qazlal
Ru
Uskayaw
Zin
The Shining One


Innate Abilities, Weirdness & Mutations

You are small and have problems with some larger weapons.
You are carnivorous and can eat meat at any time.
You are dopey. (Int -2)


Message History

Confirm with . or Enter, or press ? or * to list all spells.
Aiming: Magic Dart
Press: ? - help, Shift-Dir - straight line, f/p - centaur
Aim: a centaur, wielding a shortbow (moderately wounded)
The magic dart hits the centaur.
The centaur is moderately wounded.
The centaur shoots an arrow.
The arrow hits you!!
* * * LOW HITPOINT WARNING * * *
Okay, then.
Evoke which item? (* to show all) (? for menu, Esc to quit)
Aiming: Paralyse
Press: ? - help, Shift-Dir - straight line, f/p - centaur
Aim: a centaur, wielding a shortbow (moderately wounded, chance to defeat MR: 46%)
The centaur suddenly stops moving!
This wand has 13 charges left.
All of the chunks of flesh in your inventory have rotted away.
You start resting.
The centaur shoots an arrow.
The arrow hits you!
* * * LOW HITPOINT WARNING * * *
The centaur shoots an arrow.
The arrow hits you!
You die...

#..............##..........
#..............##..........
#..............##..........
#..............##..........
#..............##..........
###..c..........##..........
#....##+####c...##..........
#....# ####....####.....###
#....# #..@.............+ .
#....# #........#.......###
#...(# #..................#
#..............>........##.#
#..............#............
#..............###.........#
#..%...........# ...........
#............... .......<...
##............ ....#. #.


You could see a centaur.

Vanquished Creatures
  Grinder (D:5)
  A water moccasin (D:5)
  An ice beast (D:6)
  3 phantoms
  An ogre (D:6)
  2 centaurs
  2 bullfrogs
  3 scorpions
  A howler monkey (D:5)
  A crimson imp (D:5)
  Crazy Yiuf (D:3)
  3 hounds
  2 orc priests
  A bullfrog skeleton (D:4)
  6 orc wizards
  2 centaur skeletons
  Jessica (D:2)
  2 iguanas (D:5)
  Natasha (twice) (D:2)
  2 worker ants
  A killer bee zombie (D:6)
  A hound skeleton (D:5)
  A worker ant zombie (D:5)
  Robin (D:2)
  A howler monkey skeleton (D:4)
  13 adders
  4 gnolls (D:5)
  An ooze (D:6)
  2 adder skeletons (D:4)
  2 worms
  8 dart slugs (D:5)
  5 leopard geckos
  11 orcs
  4 giant cockroaches
  13 goblins
  10 hobgoblins
  2 jackals (D:2)
  8 kobolds
  2 quokkas
  4 ball pythons
  8 bats
  14 frilled lizards
  A quokka skeleton (D:6)
  5 rats
160 creatures vanquished.

Notes
Turn   | Place    | Note
-------+----------+-------------------------------------------
     0 | D:1      | OneorTwo the Kobold Conjurer began the quest for the Orb.
     0 | D:1      | Reached XP level 1. HP: 10/10 MP: 3/3
   281 | D:1      | Reached XP level 2. HP: 15/15 MP: 3/5
   864 | D:1      | Learned a level 2 spell: Searing Ray
   867 | D:1      | Reached XP level 3. HP: 19/19 MP: 6/6
  1438 | D:2      | Reached XP level 4. HP: 23/24 MP: 8/8
  1468 | D:2      | Found a stormy altar of Qazlal.
  1548 | D:2      | Noticed Natasha
  1608 | D:2      | Killed Natasha
  1638 | D:2      | Reached skill level 5 in Conjurations
  1639 | D:2      | Noticed Jessica
  1644 | D:2      | Killed Jessica
  1644 | D:2      | Reached XP level 5. HP: 24/28 MP: 9/10
  1645 | D:2      | Found a sparkling altar of Nemelex Xobeh.
  1742 | D:2      | Noticed Robin
  1783 | D:2      | Killed Robin
  2001 | D:2      | Found a shadowy altar of Dithmenos.
  2212 | D:2      | Noticed Natasha
  2215 | D:2      | Killed Natasha
  2307 | D:2      | Learned a level 3 spell: Dazzling Spray
  2455 | D:3      | Reached XP level 6. HP: 32/32 MP: 12/12
  2603 | D:3      | Found a sacrificial altar of Ru.
  2633 | D:3      | Became a worshipper of Ru the Awakened
  2723 | D:3      | Found a burning altar of Makhleb.
  3091 | D:3      | Found a runed door.
  3096 | D:3      | Noticed Crazy Yiuf
  3100 | D:3      | Killed Crazy Yiuf
  3274 | D:4      | Got an encrusted ring mail
  3285 | D:4      | Identified the +4 ring mail of the Falcon {rF+ rC+} (You found it on level 4 of the Dungeon)
  3353 | D:4      | Reached skill level 1 in Short Blades
  3353 | D:4      | Reached XP level 7. HP: 37/37 MP: 11/14
  3498 | D:4      | Reached skill level 1 in Fighting
  3498 | D:4      | Reached skill level 5 in Spellcasting
  3667 | D:4      | Found a glowing silver altar of Zin.
  3667 | D:4      | Found an opulent altar of Gozag.
  3714 | D:4      | You fall through a shaft for 2 floors!
  3714 | D:6      | Found an iron altar of Okawaru.
  3714 | D:6      | Found a shattered altar of Ashenzari.
  3743 | D:5      | Entered Level 5 of the Dungeon
  3839 | D:5      | Noticed a water moccasin
  3846 | D:5      | Killed a water moccasin
  3846 | D:5      | Reached XP level 8. HP: 37/43 MP: 16/16
  4070 | D:5      | Reached skill level 1 in Armour
  4634 | D:4      | Gained mutation: You are dopey. (Int -2) [Ru sacrifice]
  4662 | D:4      | Found a staircase to the Ecumenical Temple.
  4846 | D:5      | Found a glowing golden altar of the Shining One.
  5056 | D:5      | Noticed Grinder
  5085 | D:5      | Killed Grinder
  5185 | D:5      | Reached XP level 9. HP: 33/48 MP: 18/18
  5501 | D:5      | Found a blossoming altar of Fedhas.
  5715 | D:6      | Found a white marble altar of Elyvilon.
  5722 | D:6      | Learned a level 4 spell: Force Lance
  5735 | D:6      | Found a hide-covered altar of Uskayaw.
  5990 | D:6      | Reached skill level 1 in Hexes
  6228 | D:6      | Found a snail-covered altar of Cheibriados.
  6449 | D:6      | Shot with an arrow by a centaur

Skill      XL: |  1  2  3  4  5  6  7  8  9 |
---------------+----------------------------+-----
Stealth        | 3 4 |  4.6
Spellcasting   | 3 4 5 6 7 |  7.6
Conjurations   | 5 6 7 |  7.9
Short Blades   | 1 3 4 |  4.6
Fighting       | 1 |  1.6
Dodging        | 3 4 |  4.3
Armour         | 1 2 |  2.2
Hexes          | 1 |  1.1
Throwing       | |  0.2
Translocations | |  0.4

Action                   |  1- 3 |  4- 6 |  7- 9 || total
-------------------------+-------+-------+-------++-------
Melee: Unarmed           |     5 |       |       ||     5
       Dagger            |       |    21 |    88 ||   109
 Fire: Hunting sling     |     4 |    12 |       ||    16
Throw: Stone             |     4 |       |     1 ||     5
 Cast: Magic Dart        |    60 |    86 |   166 ||   312
       Searing Ray       |     1 |    12 |    19 ||    32
       Dazzling Spray    |       |     2 |     6 ||     8
       Force Lance       |       |       |     7 ||     7
Invok: Sacrifice Purity  |       |       |     1 ||     1
Evoke: Wand              |       |       |     1 ||     1
  Use: Potion            |     5 |     6 |       ||    11
       Scroll            |     3 |     4 |     7 ||    14
 Stab: Sleeping          |       |     1 |     1 ||     2
  Eat: Chunk             |    10 |     6 |    11 ||    27
Armor: Robe              |     5 |     3 |     6 ||    14
       Ring mail         |       |     1 |    20 ||    21
Dodge: Dodged            |     8 |    28 |    58 ||    94
Block: Other             |     2 |     4 |    11 ||    17
